 Dungeon Crawl Stone Soup version 0.27.1-37-g7b29ead8ac (webtiles) character file.

Game seed: 12886813138236078619

31 tkbsonic5 the Chopper (level 3, 0/35 HPs)
             Began as a Gnoll Berserker on July 10, 2023.
             Was a Follower of Trog.
             Succumbed to an adder's poison
             ... on level 2 of the Dungeon.
             The game lasted 00:01:45 (1228 turns).

tkbsonic5 the Chopper (Gnoll Berserker)             Turns: 1228, Time: 00:01:46

Health: 0/35       AC:  5    Str: 17    XL:     3   Next: 22%
Magic:  4/4        EV: 13    Int:  6    God:    Trog [*.....]
Gold:   19         SH:  0    Dex: 11    Spells: 3/3 levels left

rFire    . . .     SeeInvis .   h - +1 whip (freeze)
rCold    . . .     Faith    .   (no shield)
rNeg     . . .     Spirit   .   g - +0 leather armour
rPois    .         Reflect  .   (no helmet)
rElec    .         Harm     .   i - +1 cloak
rCorr    .         Rampage  .   (no gloves)
Will     .....                  (no boots)
Stlth    +.........             (no amulet)
HPRegen  0.11/turn              (no ring)
MPRegen  0.09/turn              (no ring)

@: lethally poisoned (0 -> -2), on berserk cooldown, attractive
A: fangs 1, strong nose, distributed training
a: Renounce Religion, Berserk


You were on level 2 of the Dungeon.
You worshipped Trog.
Trog was aware of your devotion.
You visited 1 branch of the dungeon, and saw 2 of its levels.

You collected 19 gold pieces.

Inventory:

Hand Weapons
 a - a +0 hand axe
 h - a +1 whip of freezing (weapon)
Armour
 b - a +0 animal skin
 g - a +0 leather armour (worn)
 i - a +1 cloak (worn)
Scrolls
 f - a scroll of teleportation {unknown}


   Skills:
 + Level 6.5 Fighting
 + Level 0.7 Short Blades
 + Level 0.7 Long Blades
 + Level 6.5 Axes
 + Level 0.7 Maces & Flails
 + Level 0.7 Polearms
 + Level 0.7 Staves
 + Level 0.7 Slings
 + Level 0.7 Bows
 + Level 0.7 Crossbows
 + Level 0.7 Throwing
 + Level 4.5 Armour
 + Level 4.5 Dodging
 + Level 0.7 Stealth
 + Level 0.7 Shields
 + Level 0.7 Unarmed Combat
 + Level 0.7 Spellcasting
 + Level 0.5 Conjurations
 + Level 0.5 Hexes
 + Level 0.5 Summonings
 + Level 0.5 Necromancy
 + Level 0.5 Translocations
 + Level 0.5 Transmutations
 + Level 0.5 Fire Magic
 + Level 0.5 Ice Magic
 + Level 0.5 Air Magic
 + Level 0.5 Earth Magic
 + Level 0.5 Poison Magic
 + Level 0.9 Invocations
 + Level 0.7 Evocations


You had 3 spell levels left.
You didn't know any spells.
Your spell library was empty.

Dungeon Overview and Level Annotations

Branches:
Dungeon (2/15)

Altars:

Annotations:
D:2 Jessica


Innate Abilities, Weirdness & Mutations

You have very sharp teeth.
Your uncanny sense of smell can sniff out nearby items.
Your experience applies equally to all skills.


Message History

You are no longer poisoned.
The adder misses you. Jessica closely misses you. The adder barely misses you.
Jessica barely misses you.
You closely miss the adder. Your bite misses the adder.
The adder is severely wounded.
The adder barely misses you. Jessica misses you.
The adder bites you but does no damage.
You miss the adder.
The adder is severely wounded.
Jessica hits you with a +0 dagger. The adder bites you.
You are poisoned.
The adder poisons you!
Jessica points at you and mumbles some strange words.
Pain shoots through your body!
You barely miss the adder.
The adder is severely wounded.
You feel sick. The adder bites you.
* * * LOW HITPOINT WARNING * * *
Jessica barely misses you.
Unknown command.
You hit Jessica but do no damage.
Jessica is lightly wounded.
You feel sick. Jessica hits you with a +0 dagger.
* * * LOW HITPOINT WARNING * * *
The adder bites you but does no damage. Jessica closely misses you.
The adder bites you but does no damage.
You aren't carrying any potions.
Unknown command.
Okay, then.
You aren't carrying any items that you can evoke.
As you read the scroll labelled ASSIET ELECWY, it crumbles to dust.
You feel aware of your surroundings.
You sensed 1 altar.
It was a scroll of magic mapping.
You feel sick. Jessica hits you but does no damage. The adder misses you.
Jessica hits you with a +0 dagger.
* * * LOW HITPOINT WARNING * * *
Unknown command.
You closely miss the adder.
The adder is severely wounded.
You die...

**,,,***,*8*,,*,,#........,*
,,,,,,,,,,,*,,+,8#........,*
,*,,,**,,,,*,,*,8#$.......,*
**,,,***,*****####.....>..**
*,,,* *** #..........#*
*,,,* #.........#* *****
#.........#
###########.S.......#
#####...........@.......#
#.....########.#@..######
..##########...#.#.# ###
#.......†...# #..........##
**#..........#
######............#
.#.....#..........#
...#####..........#


You could see an adder and Jessica (fast).

Vanquished Creatures
  A worm (D:2)
  3 dart slugs (D:1)
  3 bats (D:1)
  2 endoplasms (D:1)
  A giant cockroach (D:2)
  2 goblins (D:1)
  A hobgoblin (D:2)
  A quokka (D:1)
  A ball python (D:1)
  A frilled lizard (D:1)
  4 kobolds
  2 rats (D:1)
22 creatures vanquished.

Notes
Turn   | Place    | Note
-------+----------+-------------------------------------------
     0 | D:1      | tkbsonic5 the Gnoll Berserker began the quest for the Orb.
     0 | D:1      | Reached XP level 1. HP: 23/23 MP: 1/1
    83 | D:1      | Reached XP level 2. HP: 29/29 MP: 2/2
   850 | D:1      | Reached XP level 3. HP: 28/35 MP: 3/3
  1212 | D:2      | Noticed Jessica
  1227 | D:2      | HP: 1/35 [Jessica (4)]
  1228 | D:2      | Succumbed to an adder's poison

Illustrated notes

Levels and vault maps discovered:
D:1:      lightli_arrival_chessboard, layout_loops_ring,
          roderic_serpentine_path, minmay_pentomino_r4
D:2:      layout_rooms, shapermc_ecumenical_altar_mp_vishouse, uniq_jessica

Action                   || total
-------------------------++-------
Melee: Hand axe          ||    63
       Bite              ||     6
       Whip              ||    11
Invok: Berserk           ||     1
  Use: Potion            ||     2
       Scroll            ||     1
Armor: Animal skin       ||     4
       Leather armour    ||    10
Dodge: Dodged            ||    56
